 Dungeon Crawl Stone Soup version 0.22.1-2-g9c5b331 (webtiles) character file.

20750 teukkam the Fighter (level 12, -16/117 HPs)
             Began as a Minotaur Fighter on Dec 20, 2018.
             Was a High Priest of Wu Jian.
             Killed from afar by a rime drake (20 damage)
             ... with a flash freeze
             ... on level 5 of the Lair of Beasts on Dec 27, 2018.
             The game lasted 01:13:29 (13629 turns).

teukkam the Fighter (Minotaur Fighter)             Turns: 13629, Time: 01:13:30

Health: -16/117    AC:  8    Str: 23    XL:     12   Next: 48%
Magic:  11/11      EV: 10    Int:  8    God:    Wu Jian [*****.]
Gold:   999        SH: 15    Dex: 11    Spells: 11/11 levels left

rFire    . . .     SeeInvis .   c - +4 scimitar (flame)
rCold    . . .     Gourm    .   k - +2 shield
rNeg     . . .     Faith    .   y - +2 leather armour {rPois}
rPois    +         Spirit   .   h - +2 hat
rElec    .         Reflect  +   B - +0 cloak
rCorr    .         Harm     .   (no gloves)
MR       .....                  (no boots)
Stlth    ++++......             U - +4 amulet of reflection
HPRegen  0.69/turn              H - ring of poison resistance
MPRegen  0.12/turn              s - ring of Cururph Tadd {EV+2 Int+3 Stlth+}

@: about to teleport, marked, very slightly contaminated
A: retaliatory headbutt, horns 2, blink, regeneration 1, weak 1
a: Blink, Wall Jump, Serpent's Lash, Heavenly Storm, Renounce Religion


You were on level 5 of the Lair of Beasts.
You worshipped Wu Jian.
Wu Jian was extremely pleased with you.
You were not hungry.

You visited 2 branches of the dungeon, and saw 15 of its levels.
You also visited: Ossuary.

You collected 999 gold pieces.

Inventory:

Hand Weapons
 a - a +6 dagger of chaos
 b - a +0 hand crossbow of flaming
 c - a +4 scimitar of flaming (weapon)
 d - a +1 trident of venom
 D - a +1 hand axe of chopping
 N - a +0 blowgun
 O - a +0 hand axe of freezing
 R - a +3 short sword of venom
 W - a +3 hunting sling
Missiles
 i - 263 stones (quivered)
 q - 3 curare-tipped needles
 r - 49 poisoned needles
 E - 11 bolts
 J - a throwing net
 P - 74 sling bullets
 X - 3 tomahawks
Armour
 h - a +2 hat (worn)
 k - a +2 shield (worn)
 y - a +2 leather armour of poison resistance (worn)
 B - a +0 cloak (worn)
Jewellery
 g - an uncursed amulet of regeneration
 s - the ring of Cururph Tadd (right hand) {EV+2 Int+3 Stlth+}
   (You found it on level 10 of the Dungeon)

   [ring of evasion]

   It affects your evasion (+2).
   It affects your intelligence (+3).
   It makes you more stealthy.
 H - a ring of poison resistance (left hand)
 Q - a +2 ring of intelligence
 U - a +4 amulet of reflection (around neck)
Wands
 p - a wand of disintegration (3)
 u - a wand of enslavement (46)
 v - a wand of digging (17)
 x - a wand of scattershot (2)
 A - a wand of flame (25)
 S - a wand of paralysis (19)
 V - a wand of acid (14)
Scrolls
 e - a scroll of teleportation
 m - 10 scrolls of identify
 n - 2 scrolls of holy word
 F - 2 scrolls of fear
 I - a scroll of summoning
 K - 3 scrolls of remove curse
 M - 2 scrolls of magic mapping
 Y - a scroll of fog
 Z - a scroll of blinking
Potions
 j - 4 potions of resistance
 l - 2 potions of flight
 o - 2 potions of brilliance
 t - a potion of magic
 w - 2 potions of haste
 z - 4 potions of lignification
 C - a potion of mutation
 G - 6 potions of curing
 T - a potion of ambrosia
Comestibles
 f - 32 rations


   Skills:
 + Level 14.0 Fighting
 + Level 9.4 Short Blades
 - Level 2.7 Axes
 + Level 12.5 Slings
 + Level 7.7 Crossbows
 - Level 3.9 Armour
 + Level 5.1 Stealth
 - Level 3.9 Shields


You had 11 spell levels left.
You didn't know any spells.
Your spell library contained the following spells:

 Spells                   Type           Power        Failure   Level  Hunger
 Animate Skeleton         Necr           N/A          91%         1    ##.....
 Apportation              Tloc           #.....       91%         1    ##.....
 Beastly Appendage        Tmut           #.....       91%         1    ##.....
 Confusing Touch          Hex            #.....       91%         1    ##.....
 Infusion                 Chrm           #...         91%         1    ##.....
 Summon Small Mammal      Summ           #...         91%         1    ##.....
 Sticks to Snakes         Tmut           #.......     97%         2    ###....
 Spider Form              Tmut/Pois      #.........   99%         3    ####...
 Ice Form                 Ice/Tmut       #.......     100%        4    #####..
 Blade Hands              Tmut           #.........   100%        5    ######.


Dungeon Overview and Level Annotations

Branches:
Dungeon (10/15)            Temple (0/1) D:5            Lair (5/6) D:9
 Shoals (0/4) Lair:4       Spider (0/4) Lair:4
  Slime: Lair:5-6       Orc: D:9-12

Altars:
Ashenzari
Dithmenos
Fedhas
Gozag
Kikubaaqudgha
Okawaru
Sif Muna
Trog
Uskayaw
Vehumet
Wu Jian
Xom
The Shining One

Shops:
D:10 [

Annotations:
D:10 Fannar
Lair:1 exclusion: 2 oklob plants


Innate Abilities, Weirdness & Mutations

You reflexively headbutt those who attack you in melee.
You have a pair of horns on your head.
You can translocate small distances at will.
Your natural rate of healing is unusually fast.
You are weak. (Str -2)


Message History

The five-headed hydra bites you!
* * * LOW HITPOINT WARNING * * *
The five-headed hydra bites you!
* * * LOW HITPOINT WARNING * * *
The five-headed hydra bites you!
* * * LOW HITPOINT WARNING * * *
The five-headed hydra bites you but does no damage.
The five-headed hydra bites you.
* * * LOW HITPOINT WARNING * * *
Unknown command.
Okay, then.
Blink to where?
Press: ? - help, Dir - move target cursor, p - black mamba You are very lightly contaminated with residual magic.
As you read the scroll of blinking, it crumbles to dust.
As you read the scroll of teleportation, it crumbles to dust.
You feel strangely unstable. The rime drake breathes ice at you.
The flash freeze hits you!
You die...

#####
##.#!.##
##P.....##
###§D.S...@#
##)....r...##
#P....S....#
#####....k.#
#...FF###
##......###
#........##
##......#.# #
###
#........#


You could see a five-headed hydra, a black mamba, a spiny frog, a rime drake, a
water moccasin, a bullfrog and a porcupine.

Vanquished Creatures
  Gastronok (Lair:3)
  Erica (D:10)
  A two-headed ogre (D:8)
  Pikel (D:4)
  A manticore (Lair:4)
  2 elephants (Lair:3)
  Psyche (D:8)
  A torpor snail (Lair:3)
  2 black mambas
  5 spiny frogs
  A rime drake (Lair:1)
  3 komodo dragons
  2 jumping spiders (Lair:4)
  4 blink frogs (Lair:4)
  4 dream sheep (Lair:3)
  5 hippogriffs
  A spriggan (D:7)
  A wyvern (Lair:2)
  Eustachio (D:5)
  A hungry ghost (D:9)
  12 yaks
  2 basilisks
  A swamp worm (shapeshifter) (Lair:3)
  4 water moccasins
  5 porcupines
  2 ice beasts
  2 sky beasts
  2 orc warriors
  4 ogres
  A necrophage (D:6)
  4 phantoms
  3 centaurs
  10 wolves
  6 crocodiles
  2 big kobolds (D:9)
  12 bullfrogs
  2 scorpions
  5 wights (D:10)
  4 howler monkeys
  8 crimson imps
  A quasit (D:10)
  A bullfrog zombie (D:7)
  2 jellies
  8 orc priests
  5 hounds
  A bullfrog skeleton (D:6)
  Ijyb (D:4)
  12 orc wizards
  4 iguanas
  7 worker ants
  A big kobold zombie (Ossuary)
  A hound skeleton (D:6)
  8 mummies (Ossuary)
  4 gnolls (D:4)
  2 howler monkey skeletons
  3 orc zombies
  7 adders
  3 gnoll zombies
  2 shadow imps
  An adder zombie (D:9)
  3 worms
  2 dart slugs
  6 leopard geckos
  51 orcs
  4 giant cockroaches
  7 goblins
  6 hobgoblins
  15 jackals
  11 kobolds
  5 quokkas
  4 ball pythons
  10 bats
  4 frilled lizards
  3 hobgoblin zombies (Ossuary)
  A quokka zombie (D:9)
  A rat (D:2)
  A bush (Lair:1)
  2 fungi (D:9)
340 creatures vanquished.

Vanquished Creatures (collateral kills)
  A yak (Lair:2)
  A water moccasin (Lair:2)
  An ogre (D:10)
3 creatures vanquished.

Vanquished Creatures (others)
  A hippogriff (Lair:4)
  A slave (D:4)
  An orc priest (D:4)
  3 orcs (D:4)
  A kobold (D:9)
  A quokka skeleton (D:4)
  4 fungi (Lair:3)
  A plant (Lair:3)
13 creatures vanquished.

Grand Total: 356 creatures vanquished

Notes
Turn   | Place    | Note
-------+----------+-------------------------------------------
     0 | D:1      | teukkam the Minotaur Fighter began the quest for the Orb.
     0 | D:1      | Reached XP level 1. HP: 19/19 MP: 0/0
   133 | D:1      | Reached XP level 2. HP: 20/27 MP: 1/1
   346 | D:1      | Reached skill level 4 in Fighting
   766 | D:2      | Reached skill level 1 in Slings
   776 | D:2      | Reached XP level 3. HP: 33/33 MP: 2/2
  1051 | D:3      | Reached XP level 4. HP: 41/41 MP: 3/3
  1104 | D:4      | Reached skill level 5 in Fighting
  1107 | D:4      | Noticed Ijyb
  1116 | D:3      | Reached XP level 5. HP: 22/48 MP: 4/4
  1378 | D:4      | Noticed a phantom
  1407 | D:4      | Killed a phantom
  1434 | D:4      | Reached skill level 6 in Fighting
  1462 | D:4      | Reached XP level 6. HP: 48/57 MP: 5/5
  1597 | D:4      | Found a transporter.
  1667 | D:4      | Found an ornate altar of the Wu Jian Council.
  1708 | D:5      | Entered Level 5 of the Dungeon
  1751 | D:4      | Became a worshipper of the Wu Jian Council
  1792 | D:5      | Found a bloodstained altar of Trog.
  1796 | D:5      | Found a glowing golden altar of the Shining One.
  1797 | D:5      | Found a shadowy altar of Dithmenos.
  1809 | D:5      | Reached skill level 7 in Fighting
  1809 | D:5      | Reached skill level 5 in Slings
  1902 | D:4      | Found a transporter.
  1918 | D:4      | Killed Ijyb
  1918 | D:4      | Reached XP level 7. HP: 66/66 MP: 6/6
  2048 | D:4      | Found an iron altar of Okawaru.
  2124 | D:4      | Noticed Pikel
  2140 | D:4      | Killed Pikel
  2140 | D:4      | Reached skill level 8 in Fighting
  2323 | D:4      | Reached XP level 8. HP: 34/75 MP: 7/7
  2787 | D:3      | Reached * piety under Wu Jian
  3630 | D:5      | Noticed Eustachio
  3650 | D:5      | Killed Eustachio
  3650 | D:5      | Reached skill level 9 in Fighting
  3916 | D:5      | Found a staircase to the Ecumenical Temple.
  4180 | D:5      | Found an ancient bone altar of Kikubaaqudgha.
  4181 | D:5      | Found a deep blue altar of Sif Muna.
  4183 | D:5      | Found a radiant altar of Vehumet.
  4187 | D:5      | Identified Sif Muna's Volume of Good Luck
  4283 | D:6      | Found a sand-covered staircase.
  4288 | Ossuary  | Entered an ossuary
  4339 | Ossuary  | Reached ** piety under Wu Jian
  4606 | D:6      | Reached skill level 10 in Fighting
  4787 | D:6      | Reached XP level 9. HP: 57/86 MP: 8/8
  5062 | D:6      | Reached skill level 1 in Short Blades
  5788 | D:7      | Reached skill level 11 in Fighting
  5863 | D:7      | Reached *** piety under Wu Jian
  6195 | D:8      | Noticed a two-headed ogre
  6209 | D:8      | Killed a two-headed ogre
  6209 | D:8      | Reached skill level 10 in Slings
  6552 | D:8      | Reached skill level 5 in Short Blades
  6552 | D:8      | Reached XP level 10. HP: 97/97 MP: 9/9
  6602 | D:8      | Noticed Psyche
  6622 | D:8      | Killed Psyche
  6622 | D:8      | Reached skill level 1 in Crossbows
  6934 | D:8      | Reached skill level 12 in Fighting
  7144 | D:8      | Found a hide-covered altar of Uskayaw.
  7405 | D:9      | Gained mutation: You are weak. (Str -2) [potion of
                  | mutation]
  7405 | D:9      | Gained mutation: Your natural rate of healing is unusually
                  | fast. [potion of mutation]
  7405 | D:9      | Gained mutation: You can translocate small distances at
                  | will. [potion of mutation]
  7563 | D:9      | Found a staircase to the Lair.
  7606 | Lair:1   | Entered Level 1 of the Lair of Beasts
  7685 | Lair:1   | Noticed a spiny frog
  7687 | Lair:1   | Noticed a black mamba
  7719 | Lair:1   | HP: 3/97 [poisoned by a black mamba]
  8025 | D:9      | Reached **** piety under Wu Jian
  8208 | D:9      | Found a blossoming altar of Fedhas.
  8709 | D:10     | Entered Level 10 of the Dungeon
  8709 | D:10     | Noticed Fannar
  8709 | D:10     | Noticed Erica
  8727 | D:10     | HP: 3/99 [something (4)]
  8892 | D:10     | Found Padov's Antique Armour Shop.
  9117 | D:8      | Found an opulent altar of Gozag.
  9123 | D:8      | Found a shattered altar of Ashenzari.
  9126 | D:8      | Found a shimmering altar of Xom.
  9981 | D:10     | Got a glittering lapis lazuli ring
  9982 | D:10     | Identified the ring of Cururph Tadd {EV+2 Int+3 Stlth+}
                  | (You found it on level 10 of the Dungeon)
 10001 | D:10     | Killed Erica
 10001 | D:10     | Reached skill level 1 in Stealth
 10232 | Lair:1   | Reached XP level 11. HP: 105/105 MP: 10/10
 10620 | Lair:1   | Noticed an oklob plant
 10620 | Lair:1   | Noticed an oklob plant
 10669 | Lair:1   | Reached skill level 5 in Crossbows
 11089 | Lair:2   | Reached skill level 13 in Fighting
 11862 | Lair:3   | Reached ***** piety under Wu Jian
 11899 | Lair:3   | Noticed Gastronok
 11920 | Lair:3   | Killed Gastronok
 12043 | Lair:3   | Reached XP level 12. HP: 98/115 MP: 11/11
 12285 | Lair:3   | HP: 7/172 [elephant (9)]
 12858 | Lair:4   | Found a staircase to the Shoals.
 12995 | Lair:4   | Found a hole to the Spider Nest.
 13198 | Lair:4   | Reached skill level 5 in Stealth
 13412 | Lair:4   | Reached skill level 14 in Fighting
 13592 | Lair:5   | Noticed an eight-headed hydra
 13627 | Lair:5   | HP: 3/117 [five-headed hydra (5)]
 13629 | Lair:5   | Killed from afar by a rime drake

Skill      XL: |  1  2  3  4  5  6  7  8  9 10 11 12 |
---------------+-------------------------------------+-----
Fighting       | 4 5 6 7 8 10 11 12 13 14 | 14.0
Slings         | 1 2 3 4 5 6 8 10 11 12 | 12.5
Short Blades   | 5 7 8 9 |  9.4
Crossbows      | 4 6 7 |  7.7
Stealth        | 1 4 5 |  5.1
Axes           | |  2.7
Armour         | |  3.9
Shields        | |  3.9

Action                   |  1- 3 |  4- 6 |  7- 9 | 10-12 || total
-------------------------+-------+-------+-------+-------++-------
Melee: War axe           |    82 |    16 |       |       ||    98
       Headbutt          |    11 |    15 |    73 |   163 ||   262
       Hand axe          |       |    64 |   208 |     6 ||   278
       Short sword       |       |       |   176 |    30 ||   206
       Dagger            |       |       |       |   712 ||   712
       Scimitar          |       |       |       |     5 ||     5
       Trident           |       |       |       |     1 ||     1
 Fire: Hunting sling     |     6 |       |    48 |     1 ||    55
       Hand crossbow     |       |       |       |   119 ||   119
       Blowgun           |       |       |       |    16 ||    16
Throw: Stone             |     1 |       |       |    10 ||    11
       Tomahawk          |       |       |       |     5 ||     5
Invok: Lunge             |       |     3 |    39 |    36 ||    78
       Whirlwind         |       |       |   132 |   129 ||   261
       Wall Jump         |       |       |    29 |    63 ||    92
 Abil: Blink             |       |       |       |     2 ||     2
Evoke: Wand              |       |       |       |    12 ||    12
  Use: Potion            |       |     1 |     4 |    11 ||    16
       Scroll            |       |     2 |     4 |    26 ||    32
 Stab: Paralysed         |       |       |       |     4 ||     4
       Confused          |       |       |       |     4 ||     4
       Invisible         |       |       |       |     2 ||     2
       Petrified         |       |       |       |     2 ||     2
       Sleeping          |       |       |       |     7 ||     7
       Petrifying        |       |       |       |     4 ||     4
  Eat: Chunk             |     1 |       |     7 |    12 ||    20
       Ration            |       |     1 |     2 |     5 ||     8
Armor: Scale mail        |    44 |    31 |   136 |    94 ||   305
       Leather armour    |       |       |       |    37 ||    37
       Skin              |       |       |       |     4 ||     4
Dodge: Dodged            |    36 |    26 |   110 |   114 ||   286
Block: Shield            |    67 |    41 |   172 |   310 ||   590
       Reflection        |       |       |       |    18 ||    18
